TOP OF THE 1ST |
---|
Kingston Iguanas batting - Pitching for Reading Rainbows : RHP Lane Lund | Pitching: RHP Lane Lund | | Batting: LHB Marvin Nichols | 0-0: Ball 1-0: Ball 2-0: SINGLE (Groundball, 6D) | Batting: RHB Sergio Mata | 0-0: Ball 1-0: Foul Ball, location: 2F 1-1: Ball 2-1: Foul Ball, location: 2F 2-2: Foul Ball, location: 2F 2-2: Foul Ball, location: 2F 2-2: Foul Ball, location: 2F 2-2: Foul Ball, location: 2F 2-2: Strikes out swinging | Batting: RHB Andrés Bustamante | 0-0: Ball 1-0: Called Strike 1-1: Called Strike 1-2: Ball 2-2: Foul Ball, location: 2F 2-2: Ball 3-2: Foul Ball, location: 2F 3-2: Fly out, F6 (Line Drive, 6M) Lined into DP, 6-3 (Line Drive, 6M) | Top of the 1st over - 0 runs, 1 hit, 0 errors, 0 left on base; Kingston 0 - Reading 0 | BOTTOM OF THE 1ST |
---|
Reading Rainbows batting - Pitching for Kingston Iguanas : RHP Bob Holland | Pitching: RHP Bob Holland | | Batting: LHB Júlio Lorenzo | 0-0: Ball 1-0: Ball 2-0: Ball 3-0: Called Strike 3-1: Base on Balls | Batting: RHB José Moreno | 0-0: Ball 1-0: Ball 2-0: Ball 3-0: Base on Balls Júlio Lorenzo to second | Batting: RHB Germán Romero | 0-0: Ball 1-0: Called Strike 1-1: Called Strike 1-2: Ball 2-2: Ground out 2-3 (Groundball, 15S) Júlio Lorenzo to third José Moreno to second | Batting: RHB Ethan Moore | 0-0: Fly out, F8 (Flyball, 89D) Runner from 3rd tags up, SCORES, no throw | Batting: LHB Ryan Flynn | 0-0: Called Strike 0-1: Ball 1-1: Ground out 4-3 (Groundball, 4) | Bottom of the 1st over - 1 run, 0 hits, 0 errors, 1 left on base; Kingston 0 - Reading 1 | TOP OF THE 2ND |
---|
Kingston Iguanas batting - Pitching for Reading Rainbows : RHP Lane Lund | Batting: LHB Jon Quinn | 0-0: Ball 1-0: Ball 2-0: Called Strike 2-1: Ball 3-1: Base on Balls | Batting: RHB Bob Lee | 0-0: Ball 1-0: Grounds into double play, 4-6-3 (Groundball, 4) | Batting: LHB Henry Durham | 0-0: Ball 1-0: Fly out, F8 (Flyball, 8LD) | Top of the 2nd over - 0 runs, 0 hits, 0 errors, 0 left on base; Kingston 0 - Reading 1 | BOTTOM OF THE 2ND |
---|
Reading Rainbows batting - Pitching for Kingston Iguanas : RHP Bob Holland | Batting: RHB Juan Magdayao | 0-0: Ball 1-0: Ball 2-0: Foul Ball, location: 2F 2-1: Called Strike 2-2: Ball 3-2: SINGLE (Line Drive, 9S) | Batting: RHB Richard Case | 0-0: Ball 1-0: Swinging Strike 1-1: Ball 2-1: Ball 3-1: Called Strike 3-2: SINGLE (Flyball, 89M) Juan Magdayao to second Runner from 2nd tries for 3rd, SAFE, throw made at trailing runner, OUT! | Batting: SHB Dan Chandler | 0-0: Ball 1-0: Fly out, F7 (Flyball, 7S) Runner from 3rd tags up, SCORES, throw made | Batting: RHB Spike Kennedy | 0-0: Ball 1-0: Ground out 6-3 (Groundball, 6) | Bottom of the 2nd over - 1 run, 2 hits, 0 errors, 0 left on base; Kingston 0 - Reading 2 | TOP OF THE 3RD |
---|
Kingston Iguanas batting - Pitching for Reading Rainbows : RHP Lane Lund | Batting: SHB John Beach | 0-0: Fly out, F4 (Popup, 4) | Batting: RHB Tim Davis | 0-0: Ball 1-0: Ball 2-0: Ball 3-0: Called Strike 3-1: Called Strike 3-2: Foul Ball, location: 2F 3-2: Foul Ball, location: 2F 3-2: Strikes out looking | Batting: SHB Júlio Valentín | 0-0: Swinging Strike 0-1: Ball 1-1: Foul Ball, location: 2F 1-2: Strikes out swinging | Top of the 3rd over - 0 runs, 0 hits, 0 errors, 0 left on base; Kingston 0 - Reading 2 | BOTTOM OF THE 3RD |
---|
Reading Rainbows batting - Pitching for Kingston Iguanas : RHP Bob Holland | Batting: LHB Júlio Lorenzo | 0-0: Ball 1-0: Foul Ball, location: 2F 1-1: Ball 2-1: Ball 3-1: Base on Balls | Batting: RHB José Moreno | 0-0: Fly out, F3 (Popup, 3SF) | Batting: RHB Germán Romero | 0-0: Ball 1-0: Foul Ball, location: 2F 1-1: Ball Wild Pitch! Júlio Lorenzo to second 2-1: Called Strike 2-2: Ball 3-2: 2-RUN HOME RUN (Flyball, 7LD), Distance : 377 ft | Batting: RHB Ethan Moore | 0-0: Ball 1-0: Called Strike 1-1: Foul Ball, location: 2F 1-2: Ball 2-2: Strikes out swinging | Batting: LHB Ryan Flynn | 0-0: Fly out, F7 (Flyball, 7LS) | Bottom of the 3rd over - 2 runs, 1 hit, 0 errors, 0 left on base; Kingston 0 - Reading 4 | TOP OF THE 4TH |
---|
Kingston Iguanas batting - Pitching for Reading Rainbows : RHP Lane Lund | Batting: LHB Marvin Nichols | 0-0: Swinging Strike 0-1: Swinging Strike 0-2: Strikes out looking | Batting: RHB Sergio Mata | 0-0: Fly out, F8 (Flyball, 8RM) | Batting: RHB Andrés Bustamante | 0-0: Ball 1-0: Foul Ball, location: 2F 1-1: Ball 2-1: Foul Ball, location: 2F 2-2: Strikes out swinging | Top of the 4th over - 0 runs, 0 hits, 0 errors, 0 left on base; Kingston 0 - Reading 4 | BOTTOM OF THE 4TH |
---|
Reading Rainbows batting - Pitching for Kingston Iguanas : RHP Bob Holland | Batting: RHB Juan Magdayao | 0-0: Called Strike 0-1: Ground out 4-3 (Groundball, 4) | Batting: RHB Richard Case | 0-0: Ball 1-0: Foul Ball, location: 2F 1-1: Called Strike 1-2: Ball 2-2: Strikes out looking | Batting: SHB Dan Chandler | 0-0: Swinging Strike 0-1: Called Strike 0-2: Foul Ball, location: 2F 0-2: Strikes out looking | Bottom of the 4th over - 0 runs, 0 hits, 0 errors, 0 left on base; Kingston 0 - Reading 4 | TOP OF THE 5TH |
---|
Kingston Iguanas batting - Pitching for Reading Rainbows : RHP Lane Lund | Batting: LHB Jon Quinn | 0-0: Called Strike 0-1: Foul Ball, location: 2F 0-2: Ball 1-2: Ball 2-2: Foul Ball, location: 2F 2-2: Fly out, F7 (Flyball, 78S) | Batting: RHB Bob Lee | 0-0: Foul Ball, location: 2F 0-1: Fly out, F9 (Flyball, 89M) | Batting: LHB Henry Durham | 0-0: Ball 1-0: Called Strike 1-1: Foul Ball, location: 2F 1-2: Strikes out swinging | Top of the 5th over - 0 runs, 0 hits, 0 errors, 0 left on base; Kingston 0 - Reading 4 | BOTTOM OF THE 5TH |
---|
Reading Rainbows batting - Pitching for Kingston Iguanas : RHP Bob Holland | Batting: RHB Spike Kennedy | 0-0: Called Strike 0-1: Foul Ball, location: 2F 0-2: Strikes out swinging, 2-3 out at first. | Batting: LHB Júlio Lorenzo | 0-0: Called Strike 0-1: Ball 1-1: Swinging Strike 1-2: Ball 2-2: Ball 3-2: Base on Balls | Batting: RHB José Moreno | 0-0: Ball 1-0: Called Strike 1-1: Ball 2-1: Fly out, F9 (Flyball, 89D) | Batting: RHB Germán Romero | 0-0: Ball Júlio Lorenzo steals 2nd base 1-0: Called Strike 1-1: Ball 2-1: Ball 3-1: Ground out 5-3 (Groundball, 5S) | Bottom of the 5th over - 0 runs, 0 hits, 0 errors, 1 left on base; Kingston 0 - Reading 4 | TOP OF THE 6TH |
---|
Kingston Iguanas batting - Pitching for Reading Rainbows : RHP Lane Lund | Batting: SHB John Beach | 0-0: Called Strike 0-1: Ball 1-1: Foul Ball, location: 2F 1-2: Ball 2-2: Ball 3-2: Ground out 1-3 (Groundball, 13) | Batting: RHB Tim Davis | 0-0: Ball 1-0: SOLO HOME RUN (Flyball, 78XD), Distance : 411 ft | Batting: SHB Júlio Valentín | 0-0: Called Strike 0-1: Ball 1-1: Swinging Strike 1-2: Strikes out swinging | Batting: LHB Marvin Nichols | 0-0: Called Strike 0-1: Called Strike 0-2: Ball 1-2: Ball 2-2: Ball 3-2: Base on Balls | Pitching: LHP Jorge Torres | | Batting: RHB Sergio Mata | 0-0: Ball 1-0: Ball 2-0: Ball 3-0: Called Strike 3-1: Base on Balls Marvin Nichols to second | Batting: RHB Andrés Bustamante | 0-0: Ball 1-0: Ball 2-0: Called Strike 2-1: Ball 3-1: Base on Balls Marvin Nichols to third Sergio Mata to second | Batting: LHB Jon Quinn | 0-0: Called Strike 0-1: Ball 1-1: Foul Ball, location: 2F 1-2: Ball 2-2: Strikes out swinging | Top of the 6th over - 1 run, 1 hit, 0 errors, 3 left on base; Kingston 1 - Reading 4 | BOTTOM OF THE 6TH |
---|
Reading Rainbows batting - Pitching for Kingston Iguanas : RHP Bob Holland | Batting: RHB Ethan Moore | 0-0: Ground out 5-3 (Groundball, 56) | Batting: LHB Ryan Flynn | 0-0: Ball 1-0: Ball 2-0: Ball 3-0: Called Strike 3-1: Called Strike 3-2: Fly out, F7 (Flyball, 7LMF) | Batting: RHB Juan Magdayao | 0-0: Ball 1-0: Ground out 5-3 (Groundball, 56) | Bottom of the 6th over - 0 runs, 0 hits, 0 errors, 0 left on base; Kingston 1 - Reading 4 | TOP OF THE 7TH |
---|
Kingston Iguanas batting - Pitching for Reading Rainbows : LHP Jorge Torres | Batting: RHB Bob Lee | 0-0: Ball 1-0: Swinging Strike 1-1: Ground out 4-3 (Groundball, 4) | Batting: LHB Henry Durham | 0-0: Ball 1-0: Called Strike 1-1: Foul Ball, location: 2F 1-2: Ball 2-2: Strikes out swinging | Batting: SHB John Beach | 0-0: Swinging Strike 0-1: Ball 1-1: Ball 2-1: SINGLE (Flyball, 8RS) | Batting: RHB Tim Davis | 0-0: Ball 1-0: Ball 2-0: Foul Ball, location: 2F 2-1: Swinging Strike 2-2: Foul Ball, location: 2F 2-2: Ball 3-2: Foul Ball, location: 2F 3-2: Fly out, F8 (Flyball, 8RS) | Top of the 7th over - 0 runs, 1 hit, 0 errors, 1 left on base; Kingston 1 - Reading 4 | BOTTOM OF THE 7TH |
---|
Reading Rainbows batting - Pitching for Kingston Iguanas : RHP Bob Holland | Batting: RHB Richard Case | 0-0: SINGLE (Line Drive, 7LM) | Batting: SHB Dan Chandler | 0-0: Called Strike Richard Case steals 2nd base 0-1: Ball 1-1: Foul Ball, location: 2F 1-2: Strikes out swinging | Batting: RHB Spike Kennedy | 0-0: Foul Ball, location: 2F 0-1: Foul Ball, location: 2F 0-2: Strikes out looking | Batting: LHB Júlio Lorenzo | 0-0: Foul Ball, location: 2F 0-1: Fly out, F7 (Line Drive, 78S) | Bottom of the 7th over - 0 runs, 1 hit, 0 errors, 1 left on base; Kingston 1 - Reading 4 | TOP OF THE 8TH |
---|
Kingston Iguanas batting - Pitching for Reading Rainbows : LHP Jorge Torres | Batting: SHB Júlio Valentín | 0-0: Ball 1-0: Called Strike 1-1: Foul Ball, location: 2F 1-2: Foul Ball, location: 2F 1-2: Ball 2-2: Fly out, F7 (Flyball, 7) | Batting: LHB Marvin Nichols | 0-0: Bunted foul 0-1: Fly out, F4 (Line Drive, 4) | Batting: RHB Sergio Mata | 0-0: Ball 1-0: Ball 2-0: Ball 3-0: Called Strike 3-1: Foul Ball, location: 2F 3-2: Foul Ball, location: 2F 3-2: DOUBLE (Line Drive, 7LM) | Batting: RHB Andrés Bustamante | 0-0: Ball 1-0: Ground out 4-3 (Groundball, 4M) | Top of the 8th over - 0 runs, 1 hit, 0 errors, 1 left on base; Kingston 1 - Reading 4 | BOTTOM OF THE 8TH |
---|
Reading Rainbows batting - Pitching for Kingston Iguanas : RHP Bob Holland | Pitching: RHP Anastasio Cervantes | | Batting: RHB José Moreno | 0-0: Foul Ball, location: 2F 0-1: Ball 1-1: Foul Ball, location: 2F 1-2: Ball 2-2: Ball 3-2: SINGLE (Line Drive, 9LS) | Batting: RHB Germán Romero | 0-0: Swinging Strike 0-1: Ball 1-1: Ball 2-1: Foul Ball, location: 2F 2-2: Strikes out looking | Batting: RHB Ethan Moore | 0-0: Ball 1-0: Called Strike 1-1: Ball 2-1: Fly out, F8 (Flyball, 8LXD) | Pitching: LHP Jeff Minnich | | Batting: LHB Ryan Flynn | 0-0: Called Strike 0-1: Ball 1-1: Ball 2-1: Foul Ball, location: 2F 2-2: Ball 3-2: Foul Ball, location: 2F 3-2: Foul Ball, location: 2F 3-2: Fly out, F3 (Popup, 3S) | Bottom of the 8th over - 0 runs, 1 hit, 0 errors, 1 left on base; Kingston 1 - Reading 4 | TOP OF THE 9TH |
---|
Kingston Iguanas batting - Pitching for Reading Rainbows : LHP Jorge Torres | Pitching: LHP Joe Cates | | Batting: LHB Jon Quinn | 0-0: Called Strike 0-1: Ball 1-1: Ground out 4-3 (Groundball, 34) | Batting: RHB Bob Lee | 0-0: Ball 1-0: Called Strike 1-1: Ball 2-1: Foul Ball, location: 2F 2-2: SINGLE (Groundball, 4S) (infield hit) | Batting: LHB Henry Durham | 0-0: Ball Pickoff Throw to First - Out! 1-0: Ground out 6-3 (Groundball, 6) | Top of the 9th over - 0 runs, 1 hit, 0 errors, 0 left on base; Kingston 1 - Reading 4 | |